 Dungeon Crawl Stone Soup version 0.27-a0-1423-ge5d6b6ab6a (webtiles) character file.

Game seed: 5513358041691985843

69 HAL9000 the Sneak (level 4, -1/23 HPs)
             Began as a Vine Stalker Brigand on July 2, 2021.
             Splashed by Ijyb's acid (9 damage)
             ... on level 3 of the Dungeon.
             The game lasted 00:04:09 (2262 turns).

HAL9000 the Sneak (Vine Stalker Brigand)            Turns: 2262, Time: 00:04:09

Health: -1/23      AC:  1    Str: 13    XL:     4   Next: 20%
Magic:  0/5        EV: 11    Int: 12    God:
Gold:   103        SH:  0    Dex: 16    Spells: 3/3 levels left

rFire    + . .     SeeInvis .   a - +2 dagger
rCold    . . .     Faith    .   (no shield)
rNeg     . . .     Spirit   +   b - +0 robe
rPois    .         Reflect  .   i - +0 helmet
rElec    .         Harm     .   c - +0 cloak
rCorr    .         Rampage  .   r - +0 pair of gloves
Will     .....                  (no boots)
Stlth    +++.......             (no amulet)
HPRegen  1.07/turn              s - ring of protection from fire
MPRegen  0.09/turn              (no ring)

@: corroded
A: fangs 2, regeneration 1, magic shield, antimagic bite, no potion heal 2
a: no special abilities


You were on level 3 of the Dungeon.
You visited 1 branch of the dungeon, and saw 3 of its levels.

You collected 103 gold pieces.

Inventory:

Hand Weapons
 a - a +2 dagger (weapon)
 o - a +0 longbow
Missiles
 d - 3 poisoned darts (quivered)
 p - 58 arrows
Armour
 b - a +0 robe (worn)
 c - a +0 cloak (worn)
 i - a +0 helmet (worn)
 r - a +0 pair of gloves (worn)
Jewellery
 e - a ring of ice
 s - a ring of protection from fire (left hand)
Scrolls
 g - 2 scrolls of teleportation {unknown}
 j - a scroll of blinking {unknown}
 k - a scroll of amnesia {unknown}
 l - 3 scrolls of identify {unknown}
 n - a scroll of fog {unknown}
 q - a scroll of magic mapping {unknown}
Potions
 f - 2 potions of flight {unknown}
 h - a potion of might {unknown}
 m - 2 potions of ambrosia {unknown}


   Skills:
 - Level 1.7 Fighting
 + Level 3.8 Short Blades
 - Level 2.0 Throwing
 - Level 0.7 Dodging
 - Level 4.8 Stealth


You had 3 spell levels left.
You didn't know any spells.
Your spell library contained the following spells:

 Spells                   Type           Power      Damage    Failure   Level
 Hailstorm                Conj/Ice       0%         3d3       97%         4
 Ice Form                 Ice/Tmut       0%         N/A       97%         4
 Leda's Liquefaction      Hex/Erth       0%         N/A       97%         4
 Bolt of Magma            Conj/Fire/Erth 0%         4d4       100%        5
 Simulacrum               Ice/Necr       0%         N/A       100%        6
 Statue Form              Tmut/Erth      0%         N/A       100%        6


Dungeon Overview and Level Annotations

Branches:
Dungeon (3/15)

Altars:

Annotations:
D:3 Ijyb


Innate Abilities, Weirdness & Mutations

You have extremely sharp teeth.
Your natural rate of healing is unusually fast.
When hurt, damage is shared between your health and your magic reserves.
Your bite disrupts and absorbs the magic of your enemies.
Potions cannot restore your health.


Message History

The hobgoblin is moderately wounded.
The hobgoblin barely misses you.
You hit the hobgoblin.
The hobgoblin is heavily wounded.
The hobgoblin hits you but does no damage.
A hobgoblin is nearby!
You hit the hobgoblin.
You kill the hobgoblin!
No target in view!
You see here a hobgoblin corpse.
Ijyb is nearby!
Throw: 8 darts (poison)
Press: ? - help, Q - select action Shift-Dir - straight line, f - Ijyb
Aim: Ijyb, wielding a +0 dagger, wearing a +0 scale mail and carrying a wand of acid (8) (wandering, hasn't noticed you, 57% to hit)
You throw a poisoned dart. The poisoned dart hits Ijyb.
Ijyb is poisoned.
Unknown command.
Throw: 7 darts (poison)
Press: ? - help, Q - select action Shift-Dir - straight line, f/p - Ijyb
Aim: Ijyb, wielding a +0 dagger, wearing a +0 scale mail and carrying a wand of acid (8) (lightly wounded, poisoned, 57% to hit)
You throw a poisoned dart. The poisoned dart barely misses Ijyb.
Unknown command.
Throw: 6 darts (poison)
Press: ? - help, Q - select action Shift-Dir - straight line, f/p - Ijyb
Aim: Ijyb, wielding a +0 dagger, wearing a +0 scale mail and carrying a wand of acid (8) (lightly wounded, poisoned, 57% to hit)
You throw a poisoned dart. The poisoned dart hits Ijyb.
Ijyb looks even sicker.
Ijyb is lightly wounded.
Throw: 5 darts (poison)
Press: ? - help, Q - select action Shift-Dir - straight line, f/p - Ijyb
Aim: Ijyb, wielding a +0 dagger, wearing a +0 scale mail and carrying a wand of acid (8) (lightly wounded, very poisoned, 57% to hit)
You throw a poisoned dart. The poisoned dart barely misses Ijyb.
Unknown command.
Throw: 4 darts (poison)
Press: ? - help, Q - select action Shift-Dir - straight line, f/p - Ijyb
Aim: Ijyb, wielding a +0 dagger, wearing a +0 scale mail and carrying a wand of acid (8) (lightly wounded, very poisoned, 57% to hit)
You throw a poisoned dart. The poisoned dart hits Ijyb.
Ijyb looks even sicker.
Ijyb is lightly wounded.
Ijyb zaps a wand.
The bolt of acid hits you!!
Ouch! That really hurt!
The acid corrodes you!
You are splashed with acid!
You die...

#..).......# #.#.###<##.#
###<#.# #....#
....#†###<...# #
#####.....#..# .#
....).###.#..# ..#
......# #.#..# #####...#
......###g#..####........
..........#.....@..g.(.(.
......#####..####.......(
......# ##.# ###.#...#
......# #.# # .# ....###
#.# ....# #.# ....# #.#
....########.#
.............#


You could see Ijyb (very poisoned).

Vanquished Creatures
  3 adders
  A dart slug (D:1)
  2 ball pythons (D:1)
  2 endoplasms
  2 giant cockroaches
  4 hobgoblins
  7 jackals
  2 quokkas (D:1)
  A bat (D:2)
  2 frilled lizards (D:1)
  2 goblins
  6 kobolds
  4 rats
38 creatures vanquished.

Notes
Turn   | Place    | Note
-------+----------+-------------------------------------------
     0 | D:1      | HAL9000 the Vine Stalker Brigand began the quest for the
                  | Orb.
     0 | D:1      | Reached XP level 1. HP: 11/11 MP: 2/2
   146 | D:1      | Reached XP level 2. HP: 15/15 MP: 3/3
   181 | D:1      | Found a faded altar of an unknown god.
   656 | D:1      | Reached XP level 3. HP: 13/18 MP: 2/4
  2061 | D:3      | Gained mutation: Your natural rate of healing is unusually
                  | fast. [Vine Stalker growth]
  2061 | D:3      | Reached XP level 4. HP: 15/23 MP: 3/5
  2091 | D:3      | Noticed Ijyb
  2262 | D:3      | Splashed by Ijyb's acid

Illustrated notes

Levels and vault maps discovered:
D:1:      tarquinn_simple_flora_water_a, layout_loops_ring,
          chequers_ecumenical_altar_island, chequers_serial_rivers_small_3
D:2:      layout_loops_corners
D:3:      layout_loops_cross, uniq_terence, uniq_ijyb

Skill      XL: |  1  2  3 |
---------------+----------+-----
Throwing       | 2 |  2.0
Short Blades   | 2 3 |  3.8
Fighting       | |  1.7
Dodging        | |  0.7
Stealth        | |  4.8

Action                   |  1- 3 |  4- 6 || total
-------------------------+-------+-------++-------
Melee: Dagger            |    95 |     6 ||   101
       Bite              |    18 |     1 ||    19
Throw: Dart              |     2 |     7 ||     9
 Stab: Sleeping          |     9 |       ||     9
       Distracted        |       |     1 ||     1
Armor: Robe              |    29 |     4 ||    33
Dodge: Dodged            |    43 |     5 ||    48

Table legend: (Time is in decaauts)
 A = Elapsed time spent in this place.
 B = Non-inter-level travel time spent in this place.
 C = Inter-level travel time spent in this place.
 D = Time resting spent in this place.
 E = Time spent auto-exploring this place.
 F = Levels seen in this place.
 G = Mean time per level.
                   A        B        C        D        E       F      G
               +--------+--------+--------+--------+--------+-----+--------+
         Total |   2263 |   2071 |    192 |     27 |   1725 |   3 |  754.3 |
       Dungeon |   2263 |   2071 |    192 |     27 |   1725 |   3 |  754.3 |
               +--------+--------+--------+--------+--------+-----+--------+

Top non-repeatable levels by time:
     D:1: 1085 daAuts
     D:2: 1043 daAuts
     D:3: 133 daAuts
